 Dungeon Crawl Stone Soup version 0.29-a0-304-gb34f9e133a (webtiles) character file.

Game seed: 15939540645666877250

27 kae the Firebug (level 3, 0/20 HPs)
             Began as a Tengu Fire Elementalist on Mar 26, 2022.
             Slain by an adder (3 damage)
             ... on level 2 of the Dungeon.
             The game lasted 00:00:57 (1169 turns).

kae the Firebug (Tengu Fire Elementalist)           Turns: 1169, Time: 00:00:58

Health: 0/20       AC:  2    Str:  8    XL:     3   Next: 10%
Magic:  3/7        EV: 12    Int: 23    God:
Gold:   22         SH:  0    Dex: 14    Spells: 5/6 levels left

rFire   . . .      SeeInvis .   (no weapon)
rCold   . . .      Faith    .   (no shield)
rNeg    . . .      Spirit   .   a - +0 robe
rPois   .          Reflect  .   (helmet restricted)
rElec   .          Harm     .   (no cloak)
rCorr   .          Rampage  .   (no gloves)
Will    .....                   (boots unavailable)
Stlth   ++........              (no amulet)
HPRegen 0.06/turn               c - +6 ring of intelligence
MPRegen 0.10/turn               (no ring)

@: lethally poisoned (0 -> -12)
A: beak, talons 3
a: no special abilities


You were on level 2 of the Dungeon.
You visited 1 branch of the dungeon, and saw 2 of its levels.

You collected 112 gold pieces.
You spent 90 gold pieces at shops.

Inventory:

Armour
 a - a +0 robe (worn)
Jewellery
 c - a +6 ring of intelligence (left hand)
Potions
 b - 2 potions of magic
 d - a potion of might {unknown}
 e - a potion of curing
 f - a potion of degeneration
 h - a potion of heal wounds


   Skills:
 + Level 0.6 Fighting
 + Level 0.6 Armour
 + Level 2.4 Dodging
 - Level 2.0 Stealth
 + Level 2.2 Spellcasting
 + Level 1.7 Conjurations
 * Level 3.8 Fire Magic


You had 5 spell levels left.
You knew the following spells:

 Your Spells              Type           Power      Damage    Failure   Level
a - Foxfire               Conj/Fire      60%        2x1d7     4%          1

Your spell library contained the following spells:

 Spells                   Type           Power      Damage    Failure   Level
 Scorch                   Fire           40%        2d7       3%          2
 Conjure Flame            Conj/Fire      15%        6-21      12%         3
 Inner Flame              Hex/Fire       11%        N/A       17%         3
 Flame Wave               Conj/Fire      15%        2d6       36%         4


Dungeon Overview and Level Annotations

Branches:
Dungeon (2/15)

Altars:

Shops:
D:1 !


Innate Abilities, Weirdness & Mutations

You have a beak for a mouth.
You have claws for feet.


Message History

Confirm with . or Enter, or press ? or * to list all spells.
You conjure some foxfire!
The foxfire hits the adder.
The adder is heavily wounded.
The adder hisses angrily.
Casting: Foxfire (safe; 4% risk of failure)
Confirm with . or Enter, or press ? or * to list all spells.
You don't know that spell.
Casting: Foxfire (safe; 4% risk of failure)
Confirm with . or Enter, or press ? or * to list all spells.
You conjure some foxfire!
The adder barely misses you.
The foxfire hits the adder.
The adder is severely wounded.
The adder closely misses you.
Casting: Foxfire (safe; 4% risk of failure)
Confirm with . or Enter, or press ? or * to list all spells.
You conjure some foxfire!
The adder bites you.
You are poisoned.
The adder poisons you! The adder barely misses you.
You feel sick.
The foxfire hits the adder but does no damage.
The adder is severely wounded.
The adder bites you.
You are lethally poisoned!
The adder poisons you!
You feel very sick.
The foxfire hits the adder.
The adder is almost dead.
The adder misses you.
Casting: Foxfire (safe; 4% risk of failure)
Confirm with . or Enter, or press ? or * to list all spells.
You conjure some foxfire!
You feel sick. The adder bites you.
You are more poisoned.
The adder poisons you! The adder bites you.
* * * LOW HITPOINT WARNING * * *
You feel very sick.
The foxfire hits the adder but does no damage.
The adder is almost dead.
The adder bites you.
You die...

..# #.#
#.# #.#
#.# #<#
#.#
...####.#
......S@#
.....####
..##


You could see an adder.

Vanquished Creatures
  3 dart slugs (D:1)
  4 ball pythons (D:1)
  3 bats (D:1)
  2 endoplasms (D:1)
  3 hobgoblins (D:1)
  A quokka (D:1)
  A frilled lizard (D:1)
  2 goblins (D:1)
  A rat (D:1)
20 creatures vanquished.

Vanquished Creatures (others)
  73 foxfires
73 creatures vanquished.

Grand Total: 93 creatures vanquished

Notes
Turn   | Place    | Note
-------+----------+-------------------------------------------
     0 | D:1      | kae the Tengu Fire Elementalist began the quest for the
                  | Orb.
     0 | D:1      | Reached XP level 1. HP: 10/10 MP: 4/4
   110 | D:1      | Reached XP level 2. HP: 6/15 MP: 0/6
   913 | D:1      | Found Yxtih's Distillery.
   972 | D:1      | Bought a potion of curing for 30 gold pieces
   972 | D:1      | Bought a potion of degeneration for 10 gold pieces
  1000 | D:1      | Found a faded altar of an unknown god.
  1005 | D:1      | Reached XP level 3. HP: 20/20 MP: 4/7
  1026 | D:1      | Bought a potion of heal wounds for 50 gold pieces
  1169 | D:2      | Slain by an adder

Illustrated notes

Levels and vault maps discovered:
D:1:      nicolae_arrival_memento_mori, layout_rooms,
          nicolae_ecumenical_snake_handling, serial_shops, shop_coins,
          corexii_hall_statues_x
D:2:      wad_woods_stonehenge, layout_basic, serial_shops, shop,
          minmay_fountain_box

Action                   || total
-------------------------++-------
Melee: Unarmed           ||     3
       Kick              ||     2
 Cast: Foxfire           ||    43
  Use: Scroll            ||     1
Armor: Robe              ||     5
Dodge: Dodged            ||    16

Table legend: (Time is in decaauts)
 A = Elapsed time spent in this place.
 B = Non-inter-level travel time spent in this place.
 C = Inter-level travel time spent in this place.
 D = Time resting spent in this place.
 E = Time spent auto-exploring this place.
 F = Levels seen in this place.
 G = Mean time per level.
                   A        B        C        D        E       F      G
               +--------+--------+--------+--------+--------+-----+--------+
         Total |   1168 |   1143 |     25 |      0 |    986 |   2 |  584.0 |
       Dungeon |   1168 |   1143 |     25 |      0 |    986 |   2 |  584.0 |
               +--------+--------+--------+--------+--------+-----+--------+

Top non-repeatable levels by time:
     D:1: 1157 daAuts
     D:2: 11 daAuts
